 Dungeon Crawl Stone Soup version 0.25.0-9-g26727b657a (webtiles) character file.

Game seed: 15238693351345614970

184 Flugkiller the Chopper (level 5, -6/49 HPs)
             Began as a Deep Dwarf Fighter on June 20, 2020.
             Mangled by an ogre
             ... wielding a +0 giant spiked club
              (19 damage)
             ... on level 4 of the Dungeon.
             The game lasted 00:00:38 (754 turns).

Flugkiller the Chopper (Deep Dwarf Fighter)          Turns: 754, Time: 00:00:39

Health: -6/49      AC:  7    Str: 21    XL:     5   Next: 36%
Magic:  4/4        EV:  7    Int:  8    God:
Gold:   66         SH:  9    Dex: 12    Spells: 4/4 levels left

rFire    . . .     SeeInvis .   a - +0 war axe
rCold    . . .     Gourm    .   c - +0 kite shield
rNeg     . . .     Faith    .   b - +0 scale mail
rPois    .         Spirit   .   (no helmet)
rElec    .         Reflect  .   (no cloak)
rCorr    .         Harm     .   (no gloves)
MR       .....                  (no boots)
Stlth    ..........             (no amulet)
HPRegen  0.00/turn              l - ring of flight
MPRegen  0.09/turn              (no ring)

@: non-regenerating
A: damage resistance, heal wounds, sense surroundings 1, no regeneration
a: Heal Wounds, Evoke Flight


You were on level 4 of the Dungeon.
You were not hungry.

You visited 1 branch of the dungeon, and saw 4 of its levels.

You collected 66 gold pieces.

Inventory:

Hand Weapons
 a - a +0 war axe (weapon)
Armour
 b - a +0 scale mail (worn)
 c - a +0 kite shield (worn)
Jewellery
 l - a ring of flight (left hand)
   (You found it on level 3 of the Dungeon)
Scrolls
 g - 2 scrolls of identify {unknown}
 i - a scroll of immolation {unknown}
 j - 2 scrolls of enchant weapon {unknown}
 k - a scroll of remove curse {unknown}
Potions
 d - 2 potions of might
 h - a potion of mutation {unknown}
Comestibles
 e - 5 rations
 f - 10 chunks of flesh


   Skills:
 + Level 3.4 Fighting
 * Level 4.2 Axes
 + Level 4.2 Armour
 + Level 4.1 Shields


You had 4 spell levels left.
You didn't know any spells.
Your spell library was empty.

Dungeon Overview and Level Annotations

Branches:
Dungeon (4/15)
 Temple: D:4-7

Altars:


Innate Abilities, Weirdness & Mutations

You are resistant to damage.
You can heal yourself by infusing magical energy.
You passively map a small area around you.
You do not regenerate.


Message History

The ogre is severely wounded.
The ogre hits you with a +0 giant spiked club!!
You hit the ogre.
The ogre is severely wounded.
The ogre closely misses you.
You hit the ogre.
The ogre is almost dead.
The ogre hits you with a +0 giant spiked club!
* * * LOW HITPOINT WARNING * * *
You are too injured to fight recklessly!
You are too injured to fight recklessly!
You are too injured to fight recklessly!
You are too injured to fight recklessly!
You are too injured to fight recklessly!
You are too injured to fight recklessly!
You are too injured to fight recklessly!
Unknown command.
You fail to use your ability.
The ogre hits you with a +0 giant spiked club!!
You die...

, * ,,,, * * , ....#.. ,,
, , ....... ** ....... , ,
, ....... , , , ,
.#........ , .
,........... **,..,, ,
.... . ........######... ,
.... #. ...<...@..#.....,
.... *#..#.....O#........
....###..#.######........
.#..........#####........
##...*...#...............,
*#..#*#.###.#............
##..# #.#.#.##........##.
#...# #.....#.......#.#* *
##..###.##..#.....###.#


You could see an ogre.

Vanquished Creatures
  An ogre (D:3)
  7 adders
  A dart slug (D:1)
  2 leopard geckos
  3 giant cockroaches
  A goblin (D:2)
  3 hobgoblins
  A quokka (D:4)
  4 bats
  3 frilled lizards
  2 kobolds (D:2)
  6 rats
34 creatures vanquished.

Notes
Turn   | Place    | Note
-------+----------+-------------------------------------------
     0 | D:1      | Flugkiller the Deep Dwarf Fighter began the quest for the
                  | Orb.
     0 | D:1      | Reached XP level 1. HP: 20/20 MP: 1/1
   145 | D:1      | Reached XP level 2. HP: 13/27 MP: 2/2
   399 | D:2      | Reached XP level 3. HP: 25/34 MP: 3/3
   521 | D:2      | Reached XP level 4. HP: 42/42 MP: 4/4
   620 | D:3      | Noticed an ogre
   635 | D:3      | Killed an ogre
   635 | D:3      | Reached XP level 5. HP: 27/49 MP: 5/5
   748 | D:4      | Noticed an ogre
   754 | D:4      | Mangled by an ogre

Illustrated notes

Levels and vault maps discovered:
D:1:      kennysheep_arrival_seaside, layout_loops_cross
D:2:      layout_basic, first_ration, hangedman_decor_lopped
D:3:      layout_basic
D:4:      layout_cave_pools, lexackson_kobold_supper

Skill      XL: |  1  2  3  4 |
---------------+-------------+-----
Fighting       | 3 |  3.4
Axes           | 3 4 |  4.2
Armour         | 4 |  4.2
Shields        | 4 |  4.1

Action                   |  1- 3 |  4- 6 || total
-------------------------+-------+-------++-------
Melee: War axe           |    95 |    35 ||   130
 Abil: Heal Wounds       |     2 |     3 ||     5
Armor: Scale mail        |    55 |    13 ||    68
Dodge: Dodged            |    38 |     6 ||    44
Block: Kite shield       |    49 |    20 ||    69
